 Dungeon Crawl Stone Soup version 0.30-a0-347-gf58ed5266c (webtiles) character file.

Game seed: 18325235028108651794

796 Maxmaps the Poker (level 7, -2/52 HPs)
             Began as a Demonspawn Gladiator on Nov 7, 2022.
             Was an Initiate of Gozag.
             Slain by a water moccasin (8 damage)
             ... on level 6 of the Dungeon.
             The game lasted 00:10:43 (4916 turns).

Maxmaps the Poker (Demonspawn Gladiator)            Turns: 4916, Time: 00:10:44

Health: -2/52      AC:  6    Str: 18    XL:     7   Next: 58%
Magic:  7/7        EV: 17    Int: 13    God:    Gozag
Gold:   526        SH:  0    Dex: 17    Spells: 6/6 levels left

rFire   . . .      SeeInvis .    a - +1 trident
rCold   . . .      Faith    .    (no shield)
rNeg    . . .      Spirit   .    z - +1 leather armour of Zin's Vengeance {rPois Dex+2 Stlth-}
rPois   +          Reflect  .    (helmet unavailable)
rElec   +          Harm     .    (no cloak)
rCorr   .          Rampage  .    f - +1 pair of gloves
Will    .....                    (no boots)
Stlth   ..........               (no amulet)
HPRegen 0.28/turn                q - ring "Malam" {rElec EV+4 Str+4 Int+2}
MPRegen 0.10/turn                (no ring)

@: confused, lethally poisoned (-2 -> -6), ambrosia-drunk, studying Invocations
A: horns 3, demonic guardian 1
a: Renounce Religion, Potion Petition, Call Merchant, Bribe Branch


You were on level 6 of the Dungeon.
You worshipped Gozag.
Gozag was pleased with you.
You visited 1 branch of the dungeon, and saw 6 of its levels.

You collected 638 gold pieces.
You paid 112 gold pieces to Gozag.

Inventory:

Hand Weapons
 a - a +1 trident (weapon)
Missiles
 d - 3 throwing nets (quivered)
 e - 7 javelins
Armour
 b - a +0 leather armour
 c - a +0 helmet
 f - a +1 pair of gloves (worn)
 i - a +0 ring mail
 z - the +1 leather armour of Zin's Vengeance (worn) {rPois Dex+2 Stlth-}
   (You found it on level 3 of the Dungeon)

   Dex:       It affects your dexterity (+2).
   rPois:     It protects you from poison.
   Stlth:     It makes you less stealthy.
Jewellery
 l - a ring of ice
 p - a ring of ice
 q - the ring "Malam" (left hand) {rElec EV+4 Str+4 Int+2}
   (You found it on level 3 of the Dungeon)

   [ring of evasion]

   EV:        It affects your evasion (+4).
   Str:       It affects your strength (+4).
   Int:       It affects your intelligence (+2).
   rElec:     It insulates you from electricity.
 C - a +6 ring of dexterity
 F - an amulet of guardian spirit
Wands
 y - a wand of digging (5)
 I - a wand of iceblast (8)
Scrolls
 g - 3 scrolls of teleportation
 k - 4 scrolls of amnesia
 v - a scroll of identify
 x - a scroll of noise
 D - a scroll of fear
Potions
 m - a potion of attraction {unknown}
 n - a potion of experience {unknown}
 o - a potion of magic {unknown}
 r - a potion of cancellation {unknown}
 u - 2 potions of haste
 B - a potion of mutation {unknown}
 H - a potion of brilliance {unknown}
 J - a potion of might {unknown}


   Skills:
 + Level 3.6 Fighting
 + Level 6.2 Polearms
 + Level 1.8 Throwing
 + Level 2.6 Armour
 + Level 3.9 Dodging
 + Level 1.8 Stealth


You had 6 spell levels left.
You didn't know any spells.
Your spell library contained the following spells:

 Spells                   Type           Power      Damage    Failure   Level
 Apportation              Tloc           0%         N/A       36%         1
 Necrotise                Necr           0%         1d4       36%         1
 Summon Small Mammal      Summ           0%         N/A       36%         1


Dungeon Overview and Level Annotations

Branches:
Dungeon (6/15)
 Temple: D:4-7

Altars:
Gozag
Sif Muna
Wu Jian


Innate Abilities, Weirdness & Mutations

You have a pair of large horns on your head.
A weak demonic guardian rushes to your aid.


Message History

You closely miss the water moccasin.
Your headbutt misses the water moccasin.
The water moccasin is severely wounded.
The water moccasin bites you.
The water moccasin bites you but does no damage.
You closely miss the water moccasin.
Your headbutt misses the water moccasin.
The water moccasin is severely wounded.
The water moccasin bites you.
You barely miss the water moccasin.
The water moccasin is severely wounded.
The water moccasin bites you.
You are poisoned.
The water moccasin poisons you!
The water moccasin completely misses you.
You closely miss the water moccasin.
The water moccasin is severely wounded.
You feel very sick. The water moccasin misses you.
You hit the water moccasin.
You headbutt the water moccasin, but do no damage.
The water moccasin is severely wounded.
You feel very sick. The water moccasin barely misses you.
It was a potion of ambrosia.
You are confused.
You feel invigorated.
You feel sick. The water moccasin bites you.
* * * LOW HITPOINT WARNING * * *
The water moccasin bites you!
* * * LOW HITPOINT WARNING * * *
A demonic guardian appears!
Okay, then.
Unknown command.
You are too confused!
Okay, then.
You're too confused to move!
* * * LOW HITPOINT WARNING * * *
You feel sick. The water moccasin bites you!
You die...
Your body crumbles into a pile of gold.

### #.####### #
#.......#
....########.......#####
.....lS@5..........+....
.....#######.......#####
#.# #.......#####
...............
.##.........### #
#.######### #.# ..#


You could see a water moccasin (ally target), an iguana and a friendly shadow
imp (summoned).

Vanquished Creatures
  A water moccasin (D:5)
  An ice beast (D:5)
  An ogre (D:3)
  A necrophage (D:5)
  A scorpion (D:6)
  2 jellies
  An orc priest (D:3)
  A hound (D:4)
  Jessica (D:3)
  An orc wizard (D:5)
  9 adders
  A shadow imp (D:5)
  A white imp (D:5)
  3 worms (D:2)
  4 dart slugs
  15 orcs
  8 ball pythons
  4 bats
  6 endoplasms
  3 giant cockroaches
  7 goblins
  8 hobgoblins
  8 jackals
  7 kobolds
  4 quokkas
  2 frilled lizards (D:2)
  11 rats
112 creatures vanquished.

Notes
Turn   | Place    | Note
-------+----------+-------------------------------------------
     0 | D:1      | Maxmaps the Demonspawn Gladiator began the quest for the
                  | Orb.
     0 | D:1      | Reached XP level 1. HP: 16/16 MP: 1/1
    90 | D:1      | Noticed a shining eye
    91 | D:1      | Found a faded altar of an unknown god.
    94 | D:1      | Noticed a shining eye
    94 | D:1      | Noticed a shining eye
    94 | D:1      | Noticed an eye of devastation
   126 | D:1      | Reached skill level 3 in Polearms
   156 | D:1      | Gained mutation: You have a pair of small horns on your
                  | head. [demonic ancestry]
   156 | D:1      | Reached XP level 2. HP: 22/22 MP: 2/2
   747 | D:2      | Reached XP level 3. HP: 26/27 MP: 3/3
   774 | D:2      | You fall into a shaft and drop 1 floor!
   777 | D:3      | Identified the +9 whip of the Carved God {antimagic, rC+
                  | Str+3 Dex+2 SInv}
   814 | D:3      | Identified the ring "Malam" {rElec EV+4 Str+4 Int+2}
  1206 | D:2      | Reached XP level 4. HP: 33/33 MP: 4/4
  1601 | D:2      | Reached skill level 4 in Polearms
  1815 | D:3      | Reached skill level 1 in Armour
  1815 | D:3      | Gained mutation: You have a pair of horns on your head.
                  | [demonic ancestry]
  1815 | D:3      | Reached XP level 5. HP: 22/39 MP: 5/5
  1912 | D:3      | Identified the +1 leather armour of Zin's Vengeance {rPois
                  | Dex+2 Stlth-}
  2068 | D:3      | Found an ornate altar of the Wu Jian Council.
  2493 | D:3      | Noticed Jessica
  2500 | D:3      | Killed Jessica
  2682 | D:3      | Noticed an ogre
  2688 | D:3      | Killed an ogre
  2689 | D:3      | Reached skill level 5 in Polearms
  2689 | D:3      | Gained mutation: You have a pair of large horns on your
                  | head. [demonic ancestry]
  2689 | D:3      | Reached XP level 6. HP: 11/46 MP: 6/6
  2956 | D:4      | Found an opulent altar of Gozag.
  2982 | D:4      | Became a worshipper of Gozag Ym Sagoz the Greedy
  3491 | D:5      | Entered Level 5 of the Dungeon
  3547 | D:5      | Reached skill level 1 in Stealth
  3660 | D:5      | Found a shimmering blue altar of Sif Muna.
  4016 | D:5      | Noticed an ice beast
  4029 | D:5      | Killed an ice beast
  4030 | D:5      | Gained mutation: A weak demonic guardian rushes to your
                  | aid. [demonic ancestry]
  4030 | D:5      | Reached XP level 7. HP: 21/52 MP: 7/7
  4445 | D:5      | Reached skill level 6 in Polearms
  4845 | D:6      | Identified a scroll of acquirement
  4845 | D:6      | Acquired a manual of Invocations
  4916 | D:6      | Slain by a water moccasin

Illustrated notes

Levels and vault maps discovered:
D:1:      dpeg_arrival_orchard, layout_loops_cross,
          hellmonk_ecumenical_altar_watching_god, minmay_box_of_dots
D:2:      wad_river_or_something, layout_basic, minmay_misc_feat_diagonals,
          serial_bayou_pond_e
D:3:      cheibrodos_pilgrimage, layout_basic,
          mainiacjoe_overflow_concentric_impassable, minmay_cupped, uniq_jessica
D:4:      layout_rooms, mainiacjoe_overflow_catwalk
D:5:      layout_loops_corners, mainiacjoe_overflow_chevrons,
          minmay_fountain_box, chequers_serial_rivers_micro_b,
          minmay_misc_feat_four_crosses
D:6:      layout_basic, gup_sewer_entry_glass

Skill      XL: |  1  2  3  4  5  6  7 |
---------------+----------------------+-----
Polearms       | 3 4 5 6 |  6.2
Dodging        | 3 |  3.9
Armour         | 1 2 |  2.6
Fighting       | 3 |  3.6
Stealth        | 1 |  1.8
Throwing       | |  1.8

Action                   |  1- 3 |  4- 6 |  7- 9 || total
-------------------------+-------+-------+-------++-------
Melee: Trident           |   125 |   195 |    63 ||   383
       Headbutt          |    17 |    29 |    10 ||    56
       Punch             |       |     1 |       ||     1
  Use: Potion            |       |     1 |     2 ||     3
       Scroll            |       |       |    13 ||    13
 Stab: Distracted        |     1 |     1 |       ||     2
Armor: Ring mail         |    34 |     9 |       ||    43
       Leather armour    |     1 |    14 |     9 ||    24
Dodge: Dodged            |    68 |   103 |    38 ||   209

Table legend: (Time is in decaauts)
 A = Elapsed time spent in this place.
 B = Non-inter-level travel time spent in this place.
 C = Inter-level travel time spent in this place.
 D = Time resting spent in this place.
 E = Time spent auto-exploring this place.
 F = Levels seen in this place.
 G = Mean time per level.
                   A        B        C        D        E       F      G
               +--------+--------+--------+--------+--------+-----+--------+
         Total |   4951 |   4758 |    193 |    557 |   3327 |   6 |  825.2 |
       Dungeon |   4951 |   4758 |    193 |    557 |   3327 |   6 |  825.2 |
               +--------+--------+--------+--------+--------+-----+--------+

Top non-repeatable levels by time:
     D:3: 1396 daAuts
     D:5: 1305 daAuts
     D:2: 884 daAuts
     D:1: 705 daAuts
     D:4: 537 daAuts
     D:6: 122 daAuts
